 Dungeon Crawl Stone Soup version 0.29.1-2-gbd0b4ee654 (webtiles) character file.

Game seed: 511779878966085405

108 H0rd4k the Charlatan (level 4, -1/30 HPs)
             Began as an Octopode Artificer on Nov 17, 2022.
             Slain by a howler monkey (5 damage)
             ... on level 4 of the Dungeon on Nov 18, 2022.
             The game lasted 00:02:58 (3191 turns).

H0rd4k the Charlatan (Octopode Artificer)           Turns: 3191, Time: 00:02:59

Health: -1/30      AC:  1    Str: 11    XL:     4   Next: 87%
Magic:  7/7        EV: 13    Int: 15    God:
Gold:   94         SH:  0    Dex: 12    Spells: 5/7 levels left

rFire   + . .      SeeInvis .     - Unarmed
rCold   . . .      Faith    .   (no shield)
rNeg    . . .      Spirit   .   (helmet restricted)
rPois   .          Reflect  .   a - amulet of regeneration
rElec   .          Harm     .   k - ring of protection from fire
rCorr   .          Rampage  .   (no ring)
Will    .....                   (no ring)
Stlth   +++.......              (no ring)
HPRegen 0.90/turn               (no ring)
MPRegen 0.10/turn               (no ring)
                                (no ring)
                                (no ring)

@: no status effects
A: almost no armour, amphibious, 8 rings, camouflage 1, gelatinous body 1,
(nimble swimmer 1), tentacles
a: no special abilities


You were on level 4 of the Dungeon.
You visited 1 branch of the dungeon, and saw 4 of its levels.

You collected 94 gold pieces.

Inventory:

Missiles
 m - 2 atropa-tipped darts
 x - 9 poisoned darts
Magical Staves
 y - a staff of cold
Jewellery
 a - an amulet of regeneration (around mantle)
 h - an amulet of guardian spirit
 k - a ring of protection from fire (left tentacle)
Wands
 b - a wand of flame (15) (quivered)
 c - a wand of charming (15)
 d - a wand of iceblast (5)
Scrolls
 e - 2 scrolls of teleportation {unknown}
 g - 2 scrolls of noise {unknown}
 j - a scroll of magic mapping {unknown}
 n - 4 scrolls of identify {unknown}
 o - a scroll of brand weapon {unknown}
 r - 3 scrolls of enchant weapon {unknown}
 t - 3 scrolls of fog {unknown}
 u - a scroll of amnesia {unknown}
 w - a scroll of immolation {unknown}
Potions
 f - 2 potions of cancellation {unknown}
 i - 3 potions of curing {unknown}
 l - 2 potions of heal wounds
 p - 3 potions of mutation {unknown}
 q - 2 potions of degeneration {unknown}
 s - a potion of brilliance {unknown}
 v - a potion of ambrosia {unknown}


   Skills:
 * Level 2.7 Fighting
 - Level 2.3 Dodging
 - Level 1.3 Stealth
 + Level 2.3 Unarmed Combat
 * Level 2.0 Spellcasting
 - Level 3.2 Evocations


You had 5 spell levels left.
You knew the following spells:

 Your Spells              Type           Power      Damage    Failure   Level
a - Blink                 Tloc           2%         N/A       32%         2

Your spell library contained the following spells:

 Spells                   Type           Power      Damage    Failure   Level
 Necrotise                Necr           4%         1d4       22%         1
 Conjure Flame            Conj/Fire      1%         6-21      54%         3
 Ignite Poison            Fire/Tmut/Pois 1%         N/A       54%         3
 Portal Projectile        Hex/Tloc       2%         N/A       54%         3
 Tukima's Dance           Hex            1%         N/A       54%         3
 Vampiric Draining        Necr           1%         2d6       54%         3
 Sticky Flame             Conj/Fire      1%         2d3       91%         4
 Agony                    Necr           1%         N/A       99%         5
 Blade Hands              Tmut           0%         N/A       99%         5
 Fireball                 Conj/Fire      0%         3d3       99%         5
 Iskenderun's Battlesphe  Conj           1%         2d6       99%         5
 Manifold Assault         Tloc           1%         N/A       99%         5
 Conjure Ball Lightning   Conj/Air       0%         3x3d6     100%        6
 Orb of Destruction       Conj           0%         9d5       100%        7
 Storm Form               Tmut/Air       0%         N/A       100%        7


Dungeon Overview and Level Annotations

Branches:
Dungeon (4/15)
 Temple: D:4-7

Altars:
Ru
Sif Muna

Annotations:
D:3 Ijyb


Innate Abilities, Weirdness & Mutations

You cannot wear most types of armour.
You are amphibious.
You can wear up to eight rings at the same time.
Your skin changes colour to match your surroundings (Stealth+).
Your rubbery body absorbs attacks. (AC +1, EV +1)
((You are camouflaged when in or above water. (Stealth+)))
You have tentacles for arms and can constrict up to eight enemies at once.


Message History

Unknown command.
(D) Dungeon
Where to? (Enter - D:3, ? - help)
There is a stone staircase leading down here.
You climb downwards.
Found 7 gold pieces and a scroll labelled WOMOUD TOSSIP.
There is a stone staircase leading up here.
A howler monkey is nearby!
Found a scroll labelled UCUNLO ICZUUME.
An orc comes into view. It is wielding a +0 war axe.
An orc comes into view. It is wielding a +0 hand axe.
An orc comes into view. It is wielding a +0 hand axe.
The orc shouts!
The howler monkey hoots and howls with incredible vigour!
The howler monkey hoots and howls with incredible vigour!
You hear a shout!
You completely miss the orc. Your grab misses the orc.
You closely miss the orc. Your grab misses the orc. The orc closely misses you.
You closely miss the orc. Your grab misses the orc.
A hobgoblin comes into view.
The orc barely misses you.
You barely miss the orc. Your grab misses the orc. You squeeze the orc.
The orc is heavily wounded.
The howler monkey misses you. The orc hits you with a +0 war axe.
The orc barely misses you.
You tentacle-slap the orc. Your grab misses the orc.
The orc is almost dead.
The howler monkey hits you! The orc hits you with a +0 war axe.
The orc hits you with a +0 hand axe. The howler monkey barely misses you.
The orc shouts!
The howler monkey hits you.
There is a stone staircase leading up here.
Unknown command.
Saving game... please wait.
Welcome back, H0rd4k the Octopode Artificer.
Press ? for a list of commands and other information.
The orc hits you with a +0 war axe!
* * * LOW HITPOINT WARNING * * *
The howler monkey hits you.
You die...

...# #... .....## #..
....... #.# ......
##.# ##....#
##..###....#
##...##.....# .
##......#h..#..$.
######.....ooo@.g.....
#.........#####....##.
..........# ###.#
#......o...# ?#
#....o......#
.............#
......?......#
.o...........#
.............#


You could see a howler monkey, 3 orcs and a hobgoblin.

Vanquished Creatures
  3 adders
  2 worms (D:2)
  2 dart slugs
  2 orcs (D:3)
  7 ball pythons
  8 endoplasms
  A giant cockroach (D:2)
  5 goblins (D:3)
  9 hobgoblins
  3 jackals
  A quokka (D:1)
  7 bats
  3 frilled lizards
  8 kobolds
  4 rats
65 creatures vanquished.

Vanquished Creatures (others)
  A plant (D:2)
1 creature vanquished.

Grand Total: 66 creatures vanquished

Notes
Turn   | Place    | Note
-------+----------+-------------------------------------------
     0 | D:1      | H0rd4k the Octopode Artificer began the quest for the Orb.
     0 | D:1      | Reached XP level 1. HP: 13/13 MP: 1/1
   524 | D:1      | Reached XP level 2. HP: 19/19 MP: 1/3
   619 | D:1      | Found a faded altar of an unknown god.
   710 | D:1      | Reached skill level 1 in Spellcasting
  1411 | D:2      | Reached XP level 3. HP: 23/24 MP: 3/5
  1622 | D:2      | Reached skill level 1 in Unarmed Combat
  2154 | D:2      | Reached XP level 4. HP: 30/30 MP: 6/6
  2474 | D:3      | Found a shimmering blue altar of Sif Muna.
  2475 | D:3      | Found a sacrificial altar of Ru.
  2984 | D:3      | Noticed Ijyb
  3124 | D:3      | Learned a level 2 spell: Blink
  3191 | D:4      | Slain by a howler monkey

Illustrated notes

Levels and vault maps discovered:
D:1:      lemuel_arrival_behind_the_door_large, layout_loops_corners,
          shapermc_ecumenical_altar_mp_ritualfount
D:2:      layout_basic, serial_bayou_pond_b, guppyfry_early_lair_pool
D:3:      kennysheep_goblin_castle, layout_rooms,
          mainiacjoe_overflow_large_starburst, minmay_increasing_density
D:4:      layout_cave_pods, grunt_gozag_statues, uniq_sigmund, uniq_ijyb,
          uniq_natasha

Skill      XL: |  1  2  3  4 |
---------------+-------------+-----
Spellcasting   | 1 2 |  2.0
Fighting       | 2 |  2.7
Unarmed Combat | 1 2 |  2.3
Dodging        | |  2.3
Stealth        | |  1.3
Evocations     | |  3.2

Action                   |  1- 3 |  4- 6 || total
-------------------------+-------+-------++-------
Melee: Unarmed           |    89 |    67 ||   156
       Constrict         |    28 |    16 ||    44
       Club              |     5 |       ||     5
       Tentacles         |    21 |    18 ||    39
       Punch             |     1 |     1 ||     2
 Stab: Sleeping          |     8 |     7 ||    15
Armor: Skin              |    10 |     5 ||    15
Dodge: Dodged            |    56 |    45 ||   101
